[Event "SVK ECo-C Extraliga 2021-22"]
[Site "Slovakia"]
[Date "2022.03.13"]
[Round "6.8"]
[White "Sankova, Stella"]
[Black "Gzib, David"]
[Result "1/2-1/2"]
[ECO "B51"]
[WhiteElo "2054"]
[BlackElo "2030"]
[Annotator "NA"]
[PlyCount "73"]
[EventDate "2021.10.21"]
[EventType "team-tourn"]
[EventCountry "SVK"]
[SourceTitle "playchess.com"]
[Source "ChessBase"]
[SourceQuality "1"]
[TimeControl "40/5400+30:1800+30"]

1. e4 c5 2. Nf3 d6 3. Bb5+ Nd7 4. d4 cxd4 5. Qxd4 a6 6. Bxd7+ Bxd7 7. c4 Nf6 8. Bg5 h6 9. Bh4 Qa5+ 10. Nc3 g5 11. Bg3 Bg7 12. Qd3 Bc6 13. O-O O-O 14. Nd4 Nd7 15. Rfd1 Qb6 16. Nf5 Rfe8 17. Qe2 Nf6 18. h4 Bd7 19. Ne3 Bc6 20. Nf5 Bd7 21. Ne3 Bc6 22. e5 dxe5 23. Bxe5 Qa5 24. Ned5 Nxd5 25. Nxd5 e6 26. Nf6+ Bxf6 27. Bxf6 Qf5 28. hxg5 hxg5 29. Qe5 Qxe5 30. Bxe5 Kh7 31. f3 Kg6 32. Kf2 Rad8 33. Bc7 Rxd1 34. Rxd1 Re7 35. Bd6 Rd7 36. Ke3 f6 37. b3 1/2-1/2

[Event "SVK ECo-C Extraliga 2021-22"]
[Site "Slovakia"]
[Date "2022.03.13"]
[Round "6.8"]
[White "Antal, Jakub"]
[Black "Tropp, Frantisek"]
[Result "1-0"]
[ECO "C55"]
[WhiteElo "1898"]
[BlackElo "2069"]
[Annotator "ChessBase"]
[PlyCount "129"]
[EventDate "2021.10.21"]
[EventType "team-tourn"]
[EventCountry "SVK"]
[SourceTitle "playchess.com"]
[Source "ChessBase"]
[SourceQuality "1"]
[TimeControl "40/5400+30:1800+30"]

1. e4 e5 2. Bc4 Nf6 3. d3 Nc6 4. Nf3 Be7 5. O-O d6 6. c3 O-O 7. Re1 Na5 8. Bb5 a6 9. Ba4 b5 10. Bc2 c5 11. Nbd2 Qc7 12. Nf1 Nc6 13. Bg5 h6 14. Bxf6 Bxf6 15. Ne3 Be6 16. Bb3 Bxb3 17. Qxb3 Ne7 18. Nd5 Nxd5 19. Qxd5 Rab8 20. a3 Rfc8 21. b3 c4 22. dxc4 bxc4 23. b4 Be7 24. a4 Rb6 25. Red1 Qc6 26. Qxc6 Rbxc6 27. Rd5 g6 28. g4 Kg7 29. Kg2 Kf6 30. Kg3 Ke6 31. Nh4 Bg5 32. f3 Bf4+ 33. Kg2 h5 34. gxh5 Rh8 35. b5 Rcc8 36. Kf2 Bxh2 37. Rad1 Rcd8 38. hxg6 fxg6 39. Nxg6 Rhg8 40. Rh1 Bg3+ 41. Kxg3 Rxg6+ 42. Kf2 axb5 43. Rxb5 Rdg8 44. Rb4 Rg2+ 45. Ke3 Rc2 46. Rxc4 Rgg2 47. Rc7 Kf6 48. Kd3 Rgd2+ 49. Kc4 Ra2 50. Ra7 Kg5 51. Rb1 Kf4 52. Rf7+ Ke3 53. Kb4 Kd3 54. Rb3 Kc2 55. c4 Ra1 56. Ra7 Rh1 57. a5 Rh8 58. a6 Rd1 59. Rc3+ Kd2 60. Rb7 Ra1 61. Ra3 Rb1+ 62. Ka5 Rc1 63. a7 Ra8 64. Ka6 Rxc4 65. Rb8 1-0

[Event "SVK ECo-C Extraliga 2021-22"]
[Site "Slovakia"]
[Date "2022.05.08"]
[Round "7.1"]
[White "Saric, Ivan"]
[Black "Aczel, Gergely"]
[Result "0-1"]
[ECO "B90"]
[WhiteElo "2693"]
[BlackElo "2519"]
[Annotator "TA"]
[PlyCount "122"]
[EventDate "2021.10.21"]
[EventType "team-tourn"]
[EventCountry "SVK"]
[SourceTitle "playchess.com"]
[Source "ChessBase"]
[SourceQuality "1"]
[TimeControl "40/5400+30:1800+30"]

1. e4 c5 2. Nf3 d6 3. d4 cxd4 4. Nxd4 Nf6 5. Nc3 a6 6. h3 e5 7. Nde2 h5 {[%emt 0:00:05] B90: Sicilian Najdorf: Unusual White 6th moves, 6 Be3 Ng4 and 6 Be3 e5.} 8. g3 Be6 9. Bg2 b5 $1 {[%emt 0:00:06][%cal Bb7b5,Bb5b4][%mdl 32] The position is equal. 9...b5 scores better than 9...Nbd7.} 10. a4 b4 11. Nd5 Nxd5 12. exd5 Bf5 13. c3 bxc3 14. Nxc3 Be7 15. a5 Nd7 16. O-O Rb8 17. Ra3 Qc8 18. Na4 Rb5 {[%emt 0:10:54] [#]} 19. Bd2 $146 ({Predecessor:} 19. Rc3 Qb8 20. Rc6 Bd8 21. Bd2 Bxa5 22. Bxa5 Rxa5 23. Qf3 g6 24. Qc3 Rxa4 25. Rc8+ {½-½ (38) Shpakovsky,A (2544)-Finocchiaro,F (2570) ICCF email 2020}) 19... O-O 20. b4 (20. Rc3 $5 Qb7 21. Qxh5 $14) 20... Nf6 21. Nb6 Qb7 22. Re1 {[%emt 0:07:38] Inhibits Be4.} Bd8 $1 23. Nc4 Qd7 24. Bg5 (24. h4 $11) 24... Rxb4 25. Bxf6 Rxc4 26. Bxd8 Rxd8 27. Qxh5 Rc5 28. g4 Bg6 29. Qg5 Rb8 30. h4 ({Better is} 30. f4 $15) 30... Rb4 $17 31. Rg3 Rcc4 ({Not} 31... Rxa5 32. h5 Bb1 33. h6 $15) 32. Bh3 (32. f3 $17 {was necessary.}) 32... Be4 (32... Rf4 $142 {White must now prevent ...Kh7.} 33. h5 Be4) 33. h5 $19 Bxd5 (33... f6 $142 34. Qd2 Qb7) 34. h6 $17 f6 $36 {[%emt 0:00:02][%mdl 2048] Black is pushing.} 35. Qh5 Bf7 {[%emt 0:01:40][%cal Bd5f7,Bf7h5,Bh5f3][%mdl 32] Black is more active.} 36. g5 Bxh5 37. Bxd7 Kh7 $1 38. Bf5+ g6 39. Bd3 Rf4 40. Ra1 $2 (40. gxf6 Ra4 41. Bxa6) 40... fxg5 $1 $19 41. Bxa6 {[%emt 0:30:05] [#]} Bf3 $1 42. Bf1 g4 {[%emt 0:00:29] aiming for ...Ra4.} 43. Bg2 Ra4 44. Rxa4 Rxa4 45. Bxf3 gxf3 46. Rxf3 Rxa5 {[%emt 0:00:25][%mdl 4096] Endgame KR-KR} 47. Rd3 $2 (47. Rh3) 47... d5 48. Rh3 Ra1+ 49. Kg2 d4 50. Rb3 Kxh6 51. Rb5 Re1 52. f3 Kg5 {[%emt 0:00:29] ( -> ...Kf4)} 53. Kf2 Re3 {[%emt 0:00:06] Black mates.} 54. Rb8 e4 55. fxe4 Rxe4 56. Rd8 Kg4 57. Rd6 g5 58. Rd5 Kf4 59. Rd8 Ke5 60. Rd7 Rf4+ 61. Ke2 Kf5 {[%emt 0:00:19] Weighted Error Value: White=0.58/Black=0.14 (very precise)} (61... g4 $142 62. Rd8 g3 63. Rh8 Rf2+ 64. Kd3 Rf3+ 65. Ke2 {[#]} g2 $1 66. Re8+ Kf5 67. Rg8 Rc3 68. Rf8+ Ke6 69. Kf2 Rc2+ 70. Kg1 d3 71. Re8+ Kd7 72. Re5 d2 73. Rd5+ Ke6 74. Rd8 Rc1+ 75. Kxg2 d1=Q 76. Rxd1 Rxd1 77. Kf2 Rd4 78. Ke3 Ke5 79. Kf3 Kf5 80. Ke3 Rd5 81. Kf2 Re5 82. Kg3 Re3+ 83. Kf2 Kf4 84. Kg2 Re2+ 85. Kf1 Kf3 86. Kg1 Re1+ 87. Kh2 Ra1 88. Kh3 Rh1#) 0-1

[Event "SVK ECo-C Extraliga 2021-22"]
[Site "Slovakia"]
[Date "2022.05.07"]
[Round "7.1"]
[White "Plat, Vojtech"]
[Black "Mazur, Stefan"]
[Result "1/2-1/2"]
[ECO "C85"]
[WhiteElo "2554"]
[BlackElo "2423"]
[Annotator "TA"]
[PlyCount "144"]
[EventDate "2021.10.21"]
[EventType "team-tourn"]
[EventCountry "SVK"]
[SourceTitle "playchess.com"]
[Source "ChessBase"]
[SourceQuality "1"]
[TimeControl "40/5400+30:1800+30"]

1. e4 e5 2. Nf3 Nc6 3. Bb5 a6 4. Ba4 Nf6 5. O-O Be7 6. Bxc6 dxc6 7. d3 Nd7 8. Nbd2 O-O 9. Nc4 f6 10. Nh4 Nc5 11. Nf5 Bxf5 12. exf5 Qd7 13. Qh5 {[%emt 0:09:56] C85: Closed Ruy Lopez: Deferred Exchange Variation.} Rfe8 14. Be3 {[%emt 0:00:51] [#]} b6 $146 (14... e4 $5 ) ({Predecessor:} 14... e4 15. d4 Na4 16. Rab1 Bf8 17. Rfd1 b5 18. Nd2 b4 19. Nf1 Nb6 20. Ng3 Bd6 {½-½ (45) Cuijpers,F (2435)-Roebers,J Netherlands 1996}) 15. Rad1 {[%emt 0:09:46] White is slightly better.} Nb7 16. d4 e4 17. Ne5 fxe5 $15 18. dxe5 Qc8 19. e6 Rf8 {[%emt 0:09:03] Inhibits Qf7+.} 20. Rd7 Qe8 (20... Bf6 21. Qg4 Nc5 22. Bxc5 bxc5 23. Rfd1 $14) 21. Qxe8 (21. Qg4 $2 Nd6 22. Rxc7 Nxf5 23. Qxe4 Bd6 $19) 21... Raxe8 22. Rxc7 Nd6 (22... Na5 $1 $15 23. g4 Nc4) 23. g4 $11 Nc4 24. Bf4 g5 25. Bg3 e3 26. Kg2 exf2 (26... h5 $5 27. Rxc6 b5 $15) 27. Bxf2 c5 28. Rb7 Bd8 29. Rd1 Re7 30. Rb8 (30. Rxe7 $1 $14 Bxe7 31. b3) 30... Bc7 31. Rxf8+ Kxf8 32. h4 Bf4 33. Re1 Nxb2 34. Kf3 Nc4 35. Ke4 Re8 {[%emt 0:01:32] White must now prevent ...Rd8.} 36. Kd5 Na5 {[%emt 0:01:52] aiming for ...Rd8+.} 37. f6 Rd8+ 38. Ke4 Ke8 {[%emt 0:00:26] And now ...Nc4 would win.} (38... Rd2 39. e7+ Ke8 40. Kf3 Bd6 41. f7+ Kd7 42. e8=Q+ Kc7 43. Bg3) 39. Rh1 $2 (39. e7 $11 {and White has nothing to worry.} Rd6 40. Kf5 Rd5+ 41. Ke6 Rd6+ 42. Kf5 Rd5+ 43. Ke6 Rd6+ 44. Kf5) 39... Rd6 $2 (39... Nc4 $1 $19 {[%cal Rc4d2] ( -> ...Nd2+)} 40. hxg5 Bxg5 41. Rxh7 Bxf6) 40. hxg5 Bxg5 41. Bg3 $132 {[%emt 0:33:12][%mdl 2048] White is not keeping still} Rxe6+ 42. Kf5 Rxf6+ (42... Re3 $6 43. Kxg5 Rxg3 44. Rxh7 $15) (42... Re3 {is interesting.} 43. Kxg5 Rxg3 44. Rxh7 Nc6) 43. Kxg5 {[%emt 0:00:00][%mdl 4096] Endgame KRB-KRN} Rf7 44. Kh6 (44. Rh6 $11) 44... Nc4 $17 45. Re1+ Kd7 46. Re4 {[%emt 0:00:00] [#]} (46. Bb8 $15) 46... Na3 (46... Rf3 $1 $17 47. Rxc4 (47. Bb8 Rh3+) 47... Rxg3 48. Kxh7 Rg2) 47. c3 (47. Rf4 $11 {keeps the balance.} Rxf4 48. Bxf4) 47... Kc6 ({Better is} 47... Nb5 $17 48. Re3 Na3) 48. Bh4 (48. Re6+ $11 {is more appropriate.} Kd5 49. Rd6+ Kc4 50. Rxb6) 48... Nb1 (48... Nb5 $15 49. Re6+ Kd5) 49. Re6+ (49. c4 $11) 49... Kd5 $15 50. Rxb6 Nxc3 51. Rxa6 Ne4 {[%emt 0:00:06] Prevents Rf6.} 52. Ra8 c4 53. Rd8+ Kc5 54. a4 Kb4 (54... Ra7 $15) 55. Rd4 (55. a5 $11) 55... Rf4 $1 56. Be7+ Kb3 (56... Kxa4 57. Rxc4+ Kb3 58. Rb4+ Kc3 59. g5 $11) (56... Kc3 $1 $15 57. Rd7 Rxg4) 57. g5 $11 {[%emt 0:01:34] Threatens to win with a5.} c3 58. Rb4+ Ka2 59. g6 hxg6 {[%emt 0:00:53] ...c2 is the strong threat.} (59... c2 $5 60. Rc4 (60. gxh7 {is a self mate.} c1=Q 61. Rxe4 Rf6+ 62. Kh5 Qh6+ 63. Kg4 Qg6+ 64. Kh3 Rf3+ 65. Kh4 Qxe4+ 66. Kh5 Rf5+ 67. Kh6 Qg4 68. h8=Q Rh5#) 60... hxg6 $11) 60. Bg5 $2 (60. Rc4 $11) 60... Rg4 $1 $19 61. Bc1 Rg1 (61... g5 $17 {[%cal Og4g1] Strongly threatening ...Rg1!} 62. Kg6 Rh4) 62. Be3 $2 (62. Bf4 $1 $15) 62... Nd2 $2 ({Black should try} 62... Nd6 $1 $19 {[%cal Rd6f5] Hoping for ...Nf5+.} 63. Kh7 (63. Bxg1 $2 c2 $19) 63... c2 $1 ) 63. a5 $11 (63. Bxg1 $2 {loses.} c2 64. Be3 c1=Q $19) 63... Re1 {[%emt 0:00:05] [#]} (63... Rh1+ $11 64. Kxg6 Rh8) 64. Bd4 ({White should play} 64. a6 $1 $14 Rxe3 65. a7) 64... Nb3 {[%emt 0:01:13] The position is equal.} 65. Ra4+ Kb2 $1 66. Bg7 Rh1+ 67. Kxg6 Rg1+ 68. Kf7 {[%emt 0:00:18] [#]} (68. Kh7 {keeps more tension.} Rxg7+ 69. Kxg7 c2 70. Rc4) 68... Rxg7+ $1 69. Kxg7 {[%emt 0:00:01] [#]} Nxa5 $1 70. Rxa5 c2 71. Rc5 c1=Q 72. Rxc1 Kxc1 {Weighted Error Value: White=0.30/Black=0.19 (very precise)} 1/2-1/2

[Event "SVK ECo-C Extraliga 2021-22"]
[Site "Slovakia"]
[Date "2022.05.07"]
[Round "7.1"]
[White "Ftacnik, Lubomir"]
[Black "Markos, Jan"]
[Result "1/2-1/2"]
[ECO "E97"]
[WhiteElo "2508"]
[BlackElo "2565"]
[Annotator "TA"]
[PlyCount "57"]
[EventDate "2021.10.21"]
[EventType "team-tourn"]
[EventCountry "SVK"]
[SourceTitle "playchess.com"]
[Source "ChessBase"]
[SourceQuality "1"]
[TimeControl "40/5400+30:1800+30"]

1. Nf3 Nf6 2. c4 g6 3. Nc3 Bg7 4. d4 O-O 5. e4 d6 6. Be2 e5 7. O-O Nc6 8. d5 Ne7 9. b4 Nh5 10. Re1 f5 11. Ng5 Nf4 12. Bxf4 exf4 13. Rc1 Bf6 14. Ne6 {[%emt 0:05:34] E97: King's Indian: Classical Main Line (6...e5 7 0-0 Nc6): 8 Be3 and 8 d5 Ne7, not 9 Ne1.} Bxe6 15. dxe6 Bxc3 16. Rxc3 {[%emt 0:00:07][%cal Oe4e5] White is slightly better.} fxe4 17. Bg4 e3 18. fxe3 fxe3 19. Rcxe3 {[%emt 0:03:39] Black should prevent Rf3.} c6 $1 20. Qd4 d5 21. cxd5 Qxd5 22. Qxd5 cxd5 {[%emt 0:01:14] [#] An even fight not without its subleties.  Weighted Error Value: White=0.03 (flawless) /Black=0.04 (flawless)} {Predecessor:} 23. Bf3 $146 a5 24. bxa5 Rxa5 25. Rc3 Rxa2 26. Rc7 Re8 27. Rxb7 Rd2 28. Bd1 Rd4 29. Bb3 {½-½ (43) Vaassen,J (2124)-Femmel,D (2106) IECC email 2001} 1/2-1/2

[Event "SVK ECo-C Extraliga 2021-22"]
[Site "Slovakia"]
[Date "2022.05.07"]
[Round "7.1"]
[White "Vykouk, Jan"]
[Black "Mihok, Oliver"]
[Result "0-1"]
[ECO "B42"]
[WhiteElo "2471"]
[BlackElo "2544"]
[Annotator "TA"]
[PlyCount "122"]
[EventDate "2021.10.21"]
[EventType "team-tourn"]
[EventCountry "SVK"]
[SourceTitle "playchess.com"]
[Source "ChessBase"]
[SourceQuality "1"]
[TimeControl "40/5400+30:1800+30"]

1. e4 c5 2. Nf3 e6 3. d4 cxd4 4. Nxd4 a6 5. Bd3 Bc5 6. Nb3 Ba7 7. Qe2 Ne7 {[%emt 0:00:09] B42: Sicilian: Kan Variation: 5 Bd3.} 8. Be3 O-O 9. f4 {[%emt 0:00:46] 9.N1d2 is the modern continuation.} Nbc6 {[%emt 0:01:43][%cal Bb8c6,Bc6b4,Bb4d3][%mdl 32] White is slightly better.} 10. N1d2 b5 {[%emt 0:02:59] [#]} 11. O-O-O $146 (11. a3 {deserves consideration.}) ({Predecessor:} 11. h4 Nb4 12. h5 Qc7 13. h6 g6 14. Bxa7 Rxa7 15. c3 Nxd3+ 16. Qxd3 d5 17. e5 {½-½ (39) Corrales Jimenez,F (2591)-Teske,H (2520) Roquetas de Mar 2011}) 11... Nb4 12. a3 Nxd3+ 13. Qxd3 Bxe3 14. Qxe3 Qc7 15. Rhf1 Bb7 16. Kb1 (16. Qc5 $5 Rac8 17. Qxc7 Rxc7 18. g3 $11) 16... Rfc8 17. Rc1 a5 18. Nd4 (18. c4 $5 ) 18... Qb6 19. c4 Ba6 20. cxb5 Bxb5 21. Rxc8+ Rxc8 22. Rc1 Rb8 {[%emt 0:04:26][%cal Ob5d3] ( -> ...Bd3+!)} 23. Qc3 {[%emt 0:01:56] Inhibits Bd3+.} f5 24. Nxb5 Qxb5 25. Nc4 fxe4 {[%emt 0:02:40] Hoping for ...d5.} 26. Qxa5 Qb3 {[%emt 0:10:18] White must now prevent ...d5.} 27. Qc3 Qxc3 28. Rxc3 $15 {[%emt 0:00:05][%mdl 4096] Endgame KRN-KRN} Nd5 29. Rg3 (29. Rc2 $1 $15) 29... Rf8 ({And not} 29... Nxf4 30. Nd6 $15) (29... Kf8 $142 30. Nd2 e3) 30. b4 (30. Rb3 $17) 30... Rxf4 $2 (30... Rc8 $1 $19 31. Ne3 Nxf4) 31. Kb2 (31. Rb3 $11 {keeps the balance.}) 31... Nc7 (31... Rf2+ $17 32. Kb3 Re2) 32. Nd6 Kf8 $1 33. Re3 Rf2+ 34. Kb3 Rxg2 35. a4 (35. Nxe4 $15 Rxh2 36. a4) 35... Rxh2 (35... Nd5 $1 $17 36. Re1 Rxh2 37. Nxe4 Rh3+ 38. Kc4 Ra3) 36. a5 ({White should try} 36. b5 $15) 36... Rh1 {[%emt 0:07:09] aiming for ...h5.} 37. Rxe4 Ke7 38. Nc8+ (38. Nf5+ $17 Kd8 39. Nd6) 38... Kd8 $1 $19 39. Nd6 Ke7 (39... Rd1 $19 {has better winning chances.} 40. Nb7+ Kc8) 40. Nc8+ $17 Kd8 (40... Kf6 $17 41. Rc4 Nb5) 41. Nd6 $19 Rd1 42. Nb7+ Kc8 $1 43. Nc5 g5 $1 44. Rc4 {[%emt 0:05:21] [#]} Kb8 $1 {[%emt 0:00:20] Threatens to win with ...h5.} 45. Ka4 (45. Rg4 $142) 45... Ra1+ 46. Kb3 {[%emt 0:00:00] [#] Now White is beyond hope.} d6 $1 47. Nd7+ Kb7 48. Nf6 h6 49. Rg4 Nb5 50. Rg2 Ra3+ 51. Kb2 Rh3 {[%emt 0:00:00] Inhibits Rh2.} 52. Rf2 $2 (52. Rg1) 52... Rh4 {[%emt 0:00:00] And now ...Rf4 would win. Black is clearly winning.} 53. Kb3 (53. Nd7 $142) 53... Rf4 54. Rxf4 gxf4 {[%emt 0:00:00] KN-KN} 55. Kc4 Kc6 56. Kd3 d5 57. Ng4 h5 58. Ne5+ Kd6 59. Nf7+ Kc7 60. Ke2 Nd4+ 61. Kd3 Nc6 {[%emt 0:00:00] Weighted Error Value: White=0.42/Black=0.22 (precise)} 0-1

[Event "SVK ECo-C Extraliga 2021-22"]
[Site "Slovakia"]
[Date "2022.05.07"]
[Round "7.1"]
[White "Zwardon, Vojtech"]
[Black "Krejci, Jan"]
[Result "1-0"]
[ECO "A13"]
[WhiteElo "2468"]
[BlackElo "2520"]
[Annotator "TA"]
[PlyCount "83"]
[EventDate "2021.10.21"]
[EventType "team-tourn"]
[EventCountry "SVK"]
[SourceTitle "playchess.com"]
[Source "ChessBase"]
[SourceQuality "1"]
[TimeControl "40/5400+30:1800+30"]

1. c4 e6 2. Nf3 Nf6 3. e3 d5 4. Nc3 dxc4 5. Bxc4 a6 6. a4 {[%emt 0:02:02] A17: English Opening: 1...Nf6 with ...Bb4.} b6 7. b3 Bb7 8. Bb2 {[%emt 0:00:09] [#] The position is equal.} Nbd7 $146 ({Predecessor:} 8... Bb4 9. O-O O-O 10. Qe2 c5 11. Rfd1 Nbd7 12. d4 cxd4 13. exd4 Qc7 14. Rac1 Qf4 {0-1 (37) Razo,R (946)-Ferluga,S (1353) LSS email 2009}) 9. O-O Bb4 10. Rc1 O-O 11. Qe2 Ra7 12. Rfd1 Qa8 13. d4 h6 14. Ne1 c5 15. dxc5 Bxc5 16. f3 Nd5 (16... Qb8 $11) 17. Nc2 (17. Bxd5 $14 exd5 18. Nd3) 17... Nf4 $11 18. Qf1 (18. Qf2 $5 Ne5 19. Be2 $11) 18... Nd5 (18... Ne5 $11) 19. Nxd5 exd5 20. b4 Bd6 21. Bb3 a5 22. Nd4 {[%emt 0:01:08] And now Qf2 would win.} axb4 (22... Be5 $142) 23. Nf5 $1 $16 Be5 24. Bxe5 Nxe5 25. Ne7+ (25. Qe1 $16) 25... Kh8 $1 $14 26. Nxd5 {[%emt 0:00:03] White is much more active.} (26. Qe1 $1 $16) 26... Ba6 $1 $36 {[%emt 0:03:04][%mdl 2048] Black has the initiative.} 27. Qe1 (27. Nxb6 Qb8 28. Nc4 Rc7 $15) 27... Nd3 28. Rxd3 Bxd3 29. Qxb4 Rd8 (29... Rc8 $15 30. Rc3 Rxc3 31. Qxc3 Ba6) 30. Nxb6 $11 Qb8 31. Rc5 (31. Qc5 $11 {remains equal.}) 31... Re7 $1 $17 32. e4 Qf4 (32... Ba6 $17 {aiming for ...Qd6.} 33. a5 Rc7) 33. Nd5 $11 Rxd5 34. Bxd5 $16 {[%emt 0:00:11] Threatens to win with h3.} Qe3+ 35. Kh1 {[%emt 0:00:04] Hoping for Rc8+.} Kh7 36. h3 (36. Rc8 $1 $16) 36... Re5 $2 (36... Qf2 $1 $14 37. Bc4 Rd7 38. Bxd3 Rxd3) 37. Qb2 $18 Rh5 38. Rc1 Be2 {[%emt 0:00:19][%cal Oh5h3] [#] ( -> ...Rxh3+!)} 39. e5 $1 {[%emt 0:00:15][%cal Be4e5,Be5e6][%mdl 32] Be4+ is the strong threat.} (39. Bxf7 {[#] leads to mate.} Rxh3+ $3 40. gxh3 Qxf3+ 41. Kg1 Qg3+ 42. Kh1 Bf3+) 39... Qf2 (39... Bd3 $18 40. Qc3 Rxe5) 40. Be4+ (40. Qb1+ $142 g6 41. Qb7 (41. Rc7 Rxh3+ 42. gxh3 Bxf3+ 43. Bxf3 Qxf3+ 44. Kh2 Qf2+ 45. Kh1 Qf3+ 46. Kh2 Qf2+ 47. Kh1 Qf3+ $11) 41... Rf5 42. Bxf7 h5 43. Be6+ Kh6 44. Bxf5 Bd1 45. Rxd1) 40... g6 {[%emt 0:00:02][%cal Oh5h3] White must now prevent ...Rxh3+!} 41. Qb7 Kg8 (41... Bc4 $18 42. Bxg6+ Kxg6) 42. e6 {[%emt 0:00:00] Weighted Error Value: White=0.42/Black=0.60} 1-0

[Event "SVK ECo-C Extraliga 2021-22"]
[Site "Slovakia"]
[Date "2022.05.08"]
[Round "7.1"]
[White "Egyed, Judit"]
[Black "Manik, Mikulas"]
[Result "1/2-1/2"]
[ECO "B90"]
[WhiteElo "2086"]
[BlackElo "2368"]
[Annotator "TA"]
[PlyCount "35"]
[EventDate "2021.10.21"]
[EventType "team-tourn"]
[EventCountry "SVK"]
[SourceTitle "playchess.com"]
[Source "ChessBase"]
[SourceQuality "1"]
[TimeControl "40/5400+30:1800+30"]

1. e4 c5 2. Nf3 d6 3. d4 cxd4 4. Nxd4 Nf6 5. Nc3 a6 6. f3 e5 7. Nb3 Be6 8. Be3 Nbd7 9. Qd2 h5 10. O-O-O Rc8 11. Kb1 {[%emt 0:00:30] B90: Sicilian Najdorf: Unusual White 6th moves, 6 Be3 Ng4 and 6 Be3 e5.} Qc7 12. h3 h4 13. Bg5 {[%emt 0:03:21] White is slightly better.} Be7 14. f4 {[%emt 0:08:45] [#]} b5 $146 ({Predecessor:} 14... Bc4 15. f5 b5 16. a3 Rh5 17. Be3 Bxf1 18. Rhxf1 Nc5 19. Nxc5 dxc5 20. Nd5 Nxd5 21. Qxd5 {1-0 (51) Chizhikov,V (2313)-Skuhala,L (2059) Chess.com INT 2018}) 15. a3 exf4 {[%emt 0:08:50] The position is equal.} 16. Bxf4 Ne5 17. Nd4 O-O 18. g3 {[%emt 0:04:31] Weighted Error Value: White=0.14 (very precise) /Black=0.13 (very precise)} 1/2-1/2

[Event "SVK ECo-C Extraliga 2021-22"]
[Site "Slovakia"]
[Date "2022.05.07"]
[Round "7.2"]
[White "Zilka, Stepan"]
[Black "Jurcik, Marian"]
[Result "1-0"]
[ECO "B62"]
[WhiteElo "2609"]
[BlackElo "2407"]
[Annotator "TA"]
[PlyCount "81"]
[EventDate "2021.10.21"]
[EventType "team-tourn"]
[EventCountry "SVK"]
[SourceTitle "playchess.com"]
[Source "ChessBase"]
[SourceQuality "1"]
[TimeControl "40/5400+30:1800+30"]

1. e4 c5 2. Nf3 d6 3. d4 cxd4 4. Nxd4 Nf6 5. Nc3 Nc6 6. Bg5 e6 7. Qd3 a6 8. O-O-O {[%emt 0:00:43] Hoping for Nxc6.} Be7 {[%emt 0:10:11] B62: Sicilian: Richter-Rauzer: 6...e6: Unusual White 7th moves.} 9. Be2 {[%emt 0:00:03] 9.Nxc6 gains popularity.} Nxd4 10. Qxd4 Qa5 {[%emt 0:01:03] The position is equal.} 11. Bd2 {[%emt 0:06:29] [#]} (11. f4 {seems wilder.} Bd7 12. e5 dxe5 13. fxe5 O-O-O 14. Qf4) 11... Qc5 $146 ({Predecessor:} 11... Qc7 12. g4 O-O 13. g5 Nd7 14. f4 b5 15. f5 Qc5 16. Qd3 b4 17. Na4 Qb5 {1-0 (55) Lanka,Z (2475)-Shengelia,D (2568) Austria 2008}) 12. Qxc5 dxc5 13. e5 Nd5 14. Bf3 Nxc3 15. Bxc3 Rb8 16. a4 Bd7 17. a5 Bb5 (17... Kd8 {keeps more tension.} 18. Bd2 Kc7 19. Be3 Bc6) 18. Bd2 O-O 19. Be3 Rfc8 20. h4 Bd8 21. Bd2 b6 22. axb6 Bxb6 23. Bc3 Rd8 24. h5 c4 25. Rhf1 Rxd1+ (25... g6 {is more complex.} 26. g4 Kg7 27. Be4 Rxd1+ 28. Kxd1 Rg8) 26. Kxd1 Rd8+ 27. Kc1 Rd7 28. Be4 g6 29. h6 Bc5 30. g4 a5 31. Kb1 Bb4 32. f4 Ba6 $2 {[%emt 0:02:52] [#]} (32... Bxc3 $11 {and Black stays safe.} 33. bxc3 Rd2) 33. Bc6 $18 Rd8 34. Kc1 (34. Bxb4 $18 axb4 35. c3) 34... Kf8 (34... Bc5 $14) 35. Bxb4+ axb4 36. Rd1 Rxd1+ (36... Rc8 $16) 37. Kxd1 {[%emt 0:00:09] KB-KB. White is clearly winning.} c3 38. bxc3 {[%emt 0:02:17] [#] Strongly threatening g5.} bxc3 39. Ke1 Ke7 40. g5 Kd8 41. Ba4 {[%emt 0:30:11] Weighted Error Value: White=0.17 (very precise) /Black=0.29 (precise)} 1-0